 Dungeon Crawl Stone Soup version 0.31-a0-1388-g4b2ba238e7 (webtiles) character file.

Game seed: 5244343184488918669

376 Ofeo the Trooper (level 6, -1/66 HPs)
             Began as an Oni Gladiator on Dec 24, 2023.
             Killed by nerve-wracking pain
             ... invoked by Grinder
              (13 damage)
             ... while paralysed by Grinder
             ... on level 3 of the Dungeon.
             The game lasted 00:02:43 (3461 turns).

Ofeo the Trooper (Oni Gladiator)                    Turns: 3461, Time: 00:02:43

Health: -1/66      AC:  3    Str: 27    XL:     6   Next: 73%
Magic:  6/6        EV:  1    Int:  9    God:
Gold:   69         SH:  0    Dex: 10    Spells: 5/5 levels left

rFire   . . .        k - +1 hand axe (flame)
rCold   . . .        (no shield)
rNeg    . . .        b - +0 robe
rPois   .            c - +0 hat
rElec   .            (no cloak)
rCorr   .            (gloves unavailable)
SInv    .            (boots unavailable)
Will    .....        m - amulet of faith
Stlth   +            n - +6 ring of strength
HPRegen 0.31/turn    (no ring)
MPRegen 0.10/turn

%: faith
@: paralysed, brilliant
A: large, unfitting armour, horns 1, tough skin 1, double potion healing,
drunken brawling
a: no special abilities


You were on level 3 of the Dungeon.
You visited 1 branch of the dungeon, and saw 3 of its levels.

You collected 69 gold pieces.

Inventory:

Hand Weapons
 a - a +0 flail
 g - a +0 dagger of venom
 k - a +1 hand axe of flaming (weapon)
Missiles
 d - 3 throwing nets (quivered)
 e - a large rock
Armour
 b - a +0 robe (worn)
 c - a +0 hat (worn)
Jewellery
 m - an amulet of faith (around neck)
 n - a +6 ring of strength (left hand)
Wands
 p - a wand of mindburst (15)
Scrolls
 f - 3 scrolls of identify {unknown}
 h - a scroll of blinking {unknown}
 i - a scroll of enchant armour {unknown}
 o - a scroll of noise {unknown}
Potions
 j - a potion of brilliance
 q - a potion of curing {@q1}


   Skills:
 + Level 5.1 Fighting
 + Level 4.4 Maces & Flails
 + Level 3.8 Throwing
 + Level 4.0 Dodging


You had 5 spell levels left.
You didn't know any spells.
Your spell library contained the following spells:

 Spells                   Type           Power      Damage    Failure   Level
 Magic Dart               Conj           0%         1d3       38%         1
 Shock                    Conj/Air       0%         1d3       38%         1
 Dazzling Flash           Conj/Hex       0%         N/A       77%         3
 Brom's Barrelling Bould  Conj/Erth      0%         2d3       99%         4
 Fireball                 Conj/Fire      0%         3d3       100%        5
 Polar Vortex             Ice            0%         N/A       100%        9


Dungeon Overview and Level Annotations

Branches:
Dungeon (3/15)

Altars:
Qazlal
Trog

Shops:
D:1 [

Annotations:
D:3 1 runed translucent door, Crazy Yiuf, Grinder


Innate Abilities, Weirdness & Mutations

You are too large for most types of armour.
You have a pair of small horns on your head.
You have tough skin. (AC +1)
You gain doubled healing and magic from potions.
Whenever you drink a healing potion, you attack all around you.


Message History

You are too injured to fight recklessly!
You are too injured to fight recklessly!
You barely miss the adder.
The adder is moderately wounded.
You closely miss Grinder.
You feel sick. The adder barely misses you. Grinder gestures at you.
You suddenly lose the ability to move!
The adder bites you but does no damage.
You feel sick. Grinder hits you! The adder bites you but does no damage.
You can move again.
You take 12 damage, and have 20/66 hp.
Unknown command.
Unknown command.
Unknown command.
You hit the adder. You burn the adder. Your headbutt misses the adder.
The adder is almost dead.
You barely miss Grinder.
You feel sick. The adder bites you but does no damage. Grinder hits you!
* * * LOW HITPOINT WARNING * * *
You take 11 damage, and have 9/66 hp.
You hit the adder. You burn the adder.
You kill the adder!
You completely miss Grinder.
You feel sick. Grinder hits you.
* * * LOW HITPOINT WARNING * * *
You writhe in agony.
* * * LOW HITPOINT WARNING * * *
You take 7 damage, and have 2/66 hp.
It was a potion of brilliance.
You feel clever all of a sudden.
* * * LOW HITPOINT WARNING * * *
You feel sick.
Grinder blinks!
You take 1 damage, and have 1/66 hp.
It was a potion of curing.
You savour every drop.
You feel better.
q - a potion of curing You regained 10 hp, and now have 11/66 hp.
Grinder gestures at you.
You suddenly lose the ability to move!
Grinder gestures at you. Pain shoots through your body!
You die...
Grinder sighs, "Dead already?
I want a refund."

# ....... # ≈≈≈.≈≈.#
##+## # ......≈.####...##
# ≈≈≈≈..≈..%#.....## #
§..§§.≈.#........## .# #
≈§_.≈.≈.#......5..###....
≈...§.≈.+.........'......
≈≈≈≈§.≈....†....@.###....
### ......≈.##...<...## .
#)..# ≈≈≈≈≈≈≈.###.....##
#...+ ........# ##...##
#...# ##......# ##+## ###
....###.# #.# ##..# #.#
#.# #<.###.#####.#######
### #........##.†.......
#.#


You could see Grinder.

Vanquished Creatures
  Sigmund (D:2)
  Jessica (D:2)
  Natasha (twice) (D:2)
  Robin (D:2)
  6 adders
  2 worms
  2 dart slugs
  An orc (D:3)
  9 ball pythons
  3 bats
  3 endoplasms
  2 giant cockroaches
  12 goblins
  7 hobgoblins
  3 jackals (D:3)
  4 kobolds
  4 frilled lizards
  4 rats
67 creatures vanquished.

Vanquished Creatures (others)
  A hobgoblin (D:1)
1 creature vanquished.

Grand Total: 68 creatures vanquished

Notes
Turn   | Place    | Note
-------+----------+-------------------------------------------
     0 | D:1      | Ofeo the Oni Gladiator began the quest for the Orb.
     0 | D:1      | Reached XP level 1. HP: 22/22 MP: 1/1
    66 | D:1      | Reached skill level 3 in Fighting
    66 | D:1      | Reached XP level 2. HP: 28/31 MP: 2/2
   454 | D:1      | Found Sitiobb's Antique Armour Emporium.
   763 | D:2      | Noticed Jessica
   768 | D:2      | Killed Jessica
   769 | D:2      | Reached XP level 3. HP: 23/37 MP: 3/3
   856 | D:2      | Reached XP level 4. HP: 4/46 MP: 4/4
  1465 | D:2      | Noticed Natasha
  1479 | D:2      | Killed Natasha
  1769 | D:2      | Reached skill level 4 in Fighting
  1816 | D:2      | Noticed Sigmund
  1864 | D:2      | Killed Sigmund
  1865 | D:2      | Reached XP level 5. HP: 53/55 MP: 5/5
  1865 | D:2      | Reached XP level 6. HP: 61/63 MP: 6/6
  1944 | D:2      | Noticed Robin
  1964 | D:2      | Killed Robin
  2154 | D:2      | Noticed Natasha
  2162 | D:2      | Killed Natasha
  2163 | D:2      | Reached skill level 5 in Fighting
  2510 | D:3      | Got the Compendium of Battle Magic
  2638 | D:3      | Got the Tractate on Lethal Glaciation
  2742 | D:3      | Found a stormy altar of Qazlal.
  3303 | D:3      | Found a runed translucent door.
  3304 | D:3      | Noticed Crazy Yiuf
  3414 | D:3      | Found a bloodstained altar of Trog.
  3441 | D:3      | Noticed Grinder
  3453 | D:3      | Paralysed by Grinder for 2 turns
  3456 | D:3      | HP: 2/66 [Grinder (3)]
  3459 | D:3      | Paralysed by Grinder for 4 turns
  3461 | D:3      | Killed from afar by Grinder

Illustrated notes

Levels and vault maps discovered:
D:1:      ncdulo_halloftheorcs, layout_rooms, serial_shops, shop,
          columned_hall_lemuel, lemuel_flame_loot_1
D:2:      layout_basic, uniq_sigmund, uniq_jessica, uniq_robin, uniq_natasha
D:3:      layout_loops_corners, nicolae_qazlal_general_emergency,
          mainiacjoe_overflow_concentric_impassable, uniq_grinder,
          uniq_crazy_yiuf_cottage

Skill      XL: |  1  2  3  4  5  6 |
---------------+-------------------+-----
Fighting       | 3 4 5 |  5.1
Dodging        | 3 4 |  4.0
Throwing       | 3 |  3.8
Maces & Flails | 4 |  4.4

Action                     |  1- 3 |  4- 6 || total
---------------------------+-------+-------++-------
  Melee: Flail             |    16 |       ||    16
         Headbutt          |    14 |    10 ||    24
         Dagger            |    32 |       ||    32
         Hand axe          |    20 |   118 ||   138
         Punch             |     1 |       ||     1
    Use: Potion            |       |     2 ||     2
 Armour: Robe              |    41 |    84 ||   125
  Dodge: Dodged            |    34 |    68 ||   102

Table legend: (Time is in decaauts)
 A = Elapsed time spent in this place.
 B = Non-inter-level travel time spent in this place.
 C = Inter-level travel time spent in this place.
 D = Time resting spent in this place.
 E = Time spent auto-exploring this place.
 F = Levels seen in this place.
 G = Mean time per level.
                   A        B        C        D        E       F      G
               +--------+--------+--------+--------+--------+-----+--------+
         Total |   3497 |   3364 |    133 |    531 |   2331 |   3 | 1165.7 |
       Dungeon |   3497 |   3364 |    133 |    531 |   2331 |   3 | 1165.7 |
               +--------+--------+--------+--------+--------+-----+--------+

Top non-repeatable levels by time:
     D:2: 1544 daAuts
     D:1: 988 daAuts
     D:3: 963 daAuts
